 Dungeon Crawl Stone Soup version 0.28.0 (webtiles) character file.

Game seed: 6653943914564814944

63 HallandMoats the Skirmisher (level 3, -2/33 HPs)
             Began as a Minotaur Monk on Feb 7, 2022.
             Succumbed to Crazy Yiuf's poison
             ... on level 2 of the Dungeon.
             The game lasted 00:01:30 (1182 turns).

HallandMoats the Skirmisher (Minotaur Monk)         Turns: 1182, Time: 00:01:31

Health: -2/33      AC:  6    Str: 15    XL:     3   Next: 89%
Magic:  2/2        EV: 16    Int:  7    God:
Gold:   36         SH:  0    Dex: 14    Spells: 2/2 levels left

rFire   . . .      SeeInvis .   a - +0 spear
rCold   . . .      Faith    .   (no shield)
rNeg    . . .      Spirit   .   h - +0 ring mail
rPois   .          Reflect  .   (helmet restricted)
rElec   .          Harm     .   (no cloak)
rCorr   .          Rampage  .   (no gloves)
Will    .....                   i - +0 pair of boots
Stlth   +.........              (no amulet)
HPRegen 0.11/turn               f - +4 ring of evasion
MPRegen 0.08/turn               (no ring)

@: lethally poisoned (-2 -> -17)
A: horns 2, retaliatory headbutt
a: no special abilities


You were on level 2 of the Dungeon.
You visited 1 branch of the dungeon, and saw 2 of its levels.

You collected 36 gold pieces.

Inventory:

Hand Weapons
 a - a +0 spear (weapon)
Armour
 h - a +0 ring mail (worn)
 i - a +0 pair of boots (worn)
Jewellery
 b - a ring of fire
 f - a +4 ring of evasion (left hand)
Scrolls
 d - 4 scrolls of identify {unknown}
 e - 2 scrolls of teleportation {unknown}
 j - a scroll of vulnerability {unknown}
Potions
 c - a potion of curing {unknown}
 g - a potion of experience {unknown}


   Skills:
 + Level 4.3 Fighting
 + Level 4.3 Polearms
 + Level 1.8 Armour
 + Level 3.9 Dodging
 - Level 1.5 Stealth


You had 2 spell levels left.
You didn't know any spells.
Your spell library contained the following spells:

 Spells                   Type           Power      Damage    Failure   Level
 Foxfire                  Conj/Fire      0%         2x1d4     65%         1
 Conjure Flame            Conj/Fire      0%         6-21      95%         3
 Dazzling Flash           Conj/Hex       0%         N/A       95%         3
 Inner Flame              Hex/Fire       0%         N/A       95%         3
 Flame Wave               Conj/Fire      0%         2d4       100%        4
 Agony                    Necr           0%         N/A       100%        5
 Silence                  Hex/Air        0%         N/A       100%        5


Dungeon Overview and Level Annotations

Branches:
Dungeon (2/15)

Altars:

Shops:
D:2 (


Innate Abilities, Weirdness & Mutations

You have a pair of horns on your head.
You reflexively headbutt those who attack you in melee.


Message History

You kill the endoplasm!
No target in view!
No target in view!
No target in view!
No target in view!
No target in view!
No target in view!
No target in view!
No target in view!
No target in view!
Found 22 stones.
You now have 36 gold pieces (gained 8).
Found a mace.
Found a runed translucent door.
Crazy Yiuf shouts!
Could not explore, unopened runed door.
Failed to move towards target.
As you open the door, it creaks loudly! Crazy Yiuf closely misses you.
You hit Crazy Yiuf but do no damage. You headbutt Crazy Yiuf!
Crazy Yiuf is heavily wounded.
You hit Crazy Yiuf.
Crazy Yiuf is heavily wounded.
Crazy Yiuf hits you but does no damage.
You closely miss Crazy Yiuf.
Crazy Yiuf is heavily wounded.
Crazy Yiuf hits you with a +4 quarterstaff of chaos!
Ouch! That really hurt!
You are lethally poisoned!
You hit Crazy Yiuf.
Crazy Yiuf is severely wounded.
You feel very sick. Crazy Yiuf barely misses you.
You closely miss Crazy Yiuf. You headbutt Crazy Yiuf.
You kill Crazy Yiuf!
* * * LOW HITPOINT WARNING * * *
You feel very sick.
You swing at nothing.
* * * LOW HITPOINT WARNING * * *
You feel very sick.
You swing at nothing.
You die...

####.........###.#####.#.###
#............# #....##.#.##.
#.###.##.#.### #.##.##.#.##.
#.# ######## ####.##.#.##.
#.# #....#.>.. #.#
#.#######. #.###♣♣ ###
#......... #...#.♣♣ ♣♣#..)#
########## #......♣♣♣♣@)...#
# ##......♣..♣#...# #
##.#..♣.♣♣♣ ### # ###♣♣♣♣♣ #
# # # # #


There were no monsters in sight!

Vanquished Creatures
  Crazy Yiuf (D:2)
  An adder (D:2)
  2 bats (D:1)
  3 endoplasms (D:2)
  2 giant cockroaches
  2 goblins
  3 hobgoblins
  2 quokkas (D:1)
  2 ball pythons (D:2)
  3 frilled lizards
  5 kobolds
  A rat (D:1)
27 creatures vanquished.

Notes
Turn   | Place    | Note
-------+----------+-------------------------------------------
     0 | D:1      | HallandMoats the Minotaur Monk began the quest for the Orb.
     0 | D:1      | Reached XP level 1. HP: 19/19 MP: 0/0
   244 | D:1      | Reached XP level 2. HP: 27/27 MP: 1/1
   368 | D:1      | Reached skill level 1 in Armour
   656 | D:2      | Found Zenic's Weapon Emporium.
   841 | D:2      | Reached XP level 3. HP: 33/33 MP: 2/2
  1171 | D:2      | Found a runed translucent door.
  1172 | D:2      | Noticed Crazy Yiuf
  1180 | D:2      | Killed Crazy Yiuf
  1181 | D:2      | HP: 1/33 [poisoned by Crazy Yiuf]
  1182 | D:2      | Succumbed to Crazy Yiuf's poison

Illustrated notes

Levels and vault maps discovered:
D:1:      sevenhm_arrival_forest_fort_small_4, layout_rooms
D:2:      layout_loops_cross, serial_shops, shop, uniq_crazy_yiuf_cottage

Skill      XL: |  1  2 |
---------------+-------+-----
Armour         | 1 |  1.8
Polearms       | 4 |  4.3
Fighting       | 4 |  4.3
Dodging        | |  3.9
Stealth        | |  1.5

Action                   || total
-------------------------++-------
Melee: Spear             ||    80
       Headbutt          ||     9
       Punch             ||     2
 Stab: Sleeping          ||     1
Armor: Robe              ||     4
       Ring mail         ||     3
Dodge: Dodged            ||    46
